[Event "Late-Titled-Tuesday-Blitz-March-19-2024"]
[Site "Chess.com"]
[Date "2024.03.19"]
[Round "2"]
[White "Yeritsyaan"]
[Black "Sanan_Sjugirov"]
[Result "1-0"]
[WhiteElo "2668"]
[BlackElo "2996"]
[TimeControl "180+1"]
[EndTime "14:18:01 PDT"]
[Termination "Yeritsyaan won by resignation"]

1. c4 Nf6 2. Nc3 g6 3. e4 d6 4. d3 Bg7 5. g3 c5 6. Bg2 Nc6 7. h3 O-O 8. Be3 Ne8 9. Nge2 Nd4 10. O-O Nc7 11. a3 Rb8 12. Rb1 b5 13. cxb5 Ncxb5 14.
Nxb5 Nxb5 15. d4 cxd4 16. Nxd4 Nxd4 17. Bxd4 Qa5 18. Bxg7 Kxg7 19. Qd4+ f6 20. Rfc1 Be6 21.
h4 Rfc8 22. h5 g5 23. Qe3 Rxc1+ 24. Qxc1 Rc8 25. Qe3 Qc5 26. Qxc5 Rxc5 27. b4 Rc3 28. a4 Kf7 29. f4 Rxg3 30. f5 Bc4 31. Kf2 Ra3 32. a5 g4 33. Rc1 g3+ 34. Kg1 Be2 35. h6 Rb3 36. e5 e6 37. exd6 Rd3 38. Rc7+ Ke8 39. Bc6+ Kd8 40. Rd7+ Kc8 41. fxe6 Bg4 42. Rc7+ Kb8 43. e7 Rxd6 44. Rb7+ 1-0

[Event "Late-Titled-Tuesday-Blitz-March-19-2024"]
[Site "Chess.com"]
[Date "2024.03.19"]
[Round "2"]
[White "ilya2700"]
[Black "MalyDominator"]
[Result "1-0"]
[WhiteElo "2326"]
[BlackElo "2525"]
[TimeControl "180+1"]
[EndTime "14:18:01 PDT"]
[Termination "ilya2700 won by checkmate"]

1. d4 d5 2. c4 e6 3. Nc3 dxc4 4. Nf3 c5 5. e3 cxd4 6. exd4 Nf6 7. Bxc4 Be7 8. O-O O-O 9. Bg5 Nbd7 10. Rc1 h6 11. Bh4 Nb6 12. Bd3 Nbd5 13. Ne5 Nf4 14. Bb1 N6d5 15. Qc2 f5 16. Bg3 Qe8 17. Bxf4 Nxf4 18. Ne2 Nd5 19. Nc3 Nf4 20. Ne2 Ng6 21. Qb3 Bf6 22.
Nxg6 Qxg6 23. Rc7 b6 24. Nf4 Qe8 25. Bxf5 Ba6 26. Re1 Bxd4 27. Nxe6 Qb5 28. Nxd4+ Qxb3 29. axb3 Rad8 30. Ree7 Rxd4 31. Rxg7+ Kh8 32. Rh7+ Kg8 33. Rcg7# 1-0

[Event "Late-Titled-Tuesday-Blitz-March-19-2024"]
[Site "Chess.com"]
[Date "2024.03.19"]
[Round "2"]
[White "rhungaski"]
[Black "Legendinunknown"]
[Result "1-0"]
[WhiteElo "2613"]
[BlackElo "2828"]
[TimeControl "180+1"]
[EndTime "14:18:05 PDT"]
[Termination "rhungaski won on time"]

1. e4 e5 2. Nf3 Nc6 3. Nc3 Nf6 4. d4 exd4 5. Nxd4 Bc5 6. Nxc6 bxc6 7. Bd3 O-O 8. O-O Re8 9. Bg5 Rb8 10. Na4 Be7 11. e5 Nd5 12. Bxe7 Qxe7 13. c4 Nf4 14. Re1 Qg5 15. g3 Ng6 16. Bxg6 Qxg6 17. Qd4 a6 18. b3 Rd8 19. Nc3 d6 20. exd6 cxd6 21. Qa7 Rb7 22. Qxa6 Qd3 23. Re3 Qd4 24. Rae1 Rf8 25. Qxc6 Rb6 26.
Qd5 Qg4 27. Qf3 Qg5 28. Nd5 Rb8 29. Ne7+ Kh8 30. Qd5 Qxd5 31. Nxd5 Bb7 32. Nc3 Bc6 33. Rd1 Rfd8 34. f3 Rd7 35. Red3 Rbd8 36. Kf2 Kg8 37.
R1d2 f6 38. h4 1-0

[Event "Late-Titled-Tuesday-Blitz-March-19-2024"]
[Site "Chess.com"]
[Date "2024.03.19"]
[Round "2"]
[White "AradNazari"]
[Black "cthulhuuu"]
[Result "1-0"]
[WhiteElo "2757"]
[BlackElo "2413"]
[TimeControl "180+1"]
[EndTime "14:18:05 PDT"]
[Termination "AradNazari won by resignation"]

1. e4 d6 2. d4 Nf6 3. Nc3 c6 4. f4 Qb6 5. Nf3 Bg4 6. Be2 e6 7. O-O d5 8. e5 Nfd7 9. Na4 Qa5 10. b3 b5 11. Bd2 Qc7 12. Nb2 a6 13. b4 Nb6 14. a4 Be7 15. a5 Nc4 16. Nxc4 dxc4 17.
c3 Nd7 18. h3 Bxf3 19. Bxf3 O-O-O 20. Be4 f5 21. Bf3 h6 22. Qc1 Rdg8 23. g4 g5 24.
gxf5 exf5 25. Qc2 g4 26. Bh1 gxh3+ 27. Kh2 Bh4 28. Qxf5 Bg3+ 29. Kxh3 Qd8 30. Qh5 Rg5 31. Qf3 Rg7 32. Qxc6+ Qc7 33. Qxc7+ Kxc7 34. Rf3 Rhg8 35.
Rg1 Be1 36. Rxe1 Nf8 37. f5 Nh7 38. f6 Ng5+ 39. Bxg5 Rxg5 40. Re4 Rg1 41. Kh2 1-0

[Event "Late-Titled-Tuesday-Blitz-March-19-2024"]
[Site "Chess.com"]
[Date "2024.03.19"]
[Round "2"]
[White "JaackCamel"]
[Black "AccioChess"]
[Result "0-1"]
[WhiteElo "2204"]
[BlackElo "2496"]
[TimeControl "180+1"]
[EndTime "14:18:05 PDT"]
[Termination "AccioChess won by resignation"]

1. d4 Nf6 2. c4 c6 3. Nc3 d5 4.
cxd5 cxd5 5. Bf4 Bf5 6. Qb3 Nc6 7. e3 Bc8 8. Nf3 e6 9. Bd3 Bd6 10. Bxd6 Qxd6 11. O-O O-O 12. h3 e5 13. dxe5 Nxe5 14. Nxe5 Qxe5 15. Nb5 Bf5 16. Bxf5 Qxf5 17. Nd4 Qd7 18.
Rfd1 Rac8 19. Rac1 h5 20. Rxc8 Rxc8 21. a4 Rc4 22. a5 g6 23. Qa3 Qa4 24. Qd3 Qxa5 25.
Nf3 Qc5 26. Ne5 Rc1 27. Nf3 Rxd1+ 28. Qxd1 Qb4 29. Qc2 Qc4 30. Qd2 b5 31. b4 Ne4 32.
Qb2 Nc3 33. Ne5 Qc7 34. Nd3 Ne4 35. Nf4 Qc4 36. Qe5 Qc1+ 37. Kh2 Nxf2 38. Qg5 Qh1+ 39. Kg3 Ne4+ 0-1

[Event "Late-Titled-Tuesday-Blitz-March-19-2024"]
[Site "Chess.com"]
[Date "2024.03.19"]
[Round "2"]
[White "Vaathi_Coming"]
[Black "Vadim_Galchenko"]
[Result "1-0"]
[WhiteElo "2886"]
[BlackElo "2614"]
[TimeControl "180+1"]
[EndTime "14:18:06 PDT"]
[Termination "Vaathi_Coming won by resignation"]

1. g3 f5 2. Bg2 Nf6 3. Nf3 g6 4. O-O Bg7 5. b3 O-O 6. Bb2 d6 7. d4 a5 8. c4 a4 9. b4 Ne4 10. a3 c5 11. Qc1 Nc6 12. dxc5 dxc5 13. Bxg7 Kxg7 14. Nc3 Nf6 15. Rd1 Qb6 16. Nd5 Qa7 17.
Qb2 Be6 18. Ng5 Bg8 19. Nxf6 Rxf6 20. Rd7 Qb6 21. b5 Nd4 22. e3 h6 23. exd4 hxg5 24. Rxe7+ Bf7 25. dxc5 Qxc5 26. Rxb7 Rd8 27. Bd5 Rxd5 28.
cxd5 Qxd5 29. Rb6 Be6 30. Re1 Kf7 31. Qe5 Qd7 32. Rd6 Qe7 33. b6 f4 34. Rxe6 Rxe6 35. Qxe6+ Qxe6 36. Rxe6 Kxe6 37. b7 1-0

[Event "Late-Titled-Tuesday-Blitz-March-19-2024"]
[Site "Chess.com"]
[Date "2024.03.19"]
[Round "2"]
[White "Supelyel"]
[Black "Airquake"]
[Result "0-1"]
[WhiteElo "2395"]
[BlackElo "2647"]
[TimeControl "180+1"]
[EndTime "14:18:06 PDT"]
[Termination "Airquake won by resignation"]

1. c4 f6 2. Nc3 Kf7 3. g3 g6 4.
Bg2 Kg7 5. Nf3 e5 6. O-O Ne7 7.
d3 d6 8. Rb1 Nbc6 9. b4 Be6 10.
b5 Nb8 11. Nd2 c6 12. bxc6 bxc6 13. Ba3 Qc7 14. Nb5 cxb5 15. Bxa8 bxc4 16. dxc4 Nd7 17. Bg2 Nc6 18. Qa4 Nd4 19. e3 Ne2+ 20. Kh1 Nc3 21. Qa6 Nxb1 22. Rxb1 Nb6 23. Ne4 Bxc4 24. Qa5 d5 25.
Bxf8+ Rxf8 26. Nc5 Re8 27. Na4 Bxa2 28. Ra1 Bc4 29. Rb1 Re7 30. Nxb6 axb6 31. Rxb6 Bd3 32. h4 Re6 33. Rb5 Qc1+ 34. Kh2 Bxb5 35. Qxb5 Qc6 36. Qxd5 Qxd5 37. Bxd5 Rb6 38. e4 f5 39. Kg2 Kf6 40. Kg1 Rb4 41. Kg2 fxe4 42. g4 h6 43. Kg3 Rd4 44. Bb7 Rd3+ 45. Kg2 e3 46. f3 Rd2+ 47. Kf1 g5 48. h5 Ke6 49. Ba6 Kd6 50.
Bb5 e4 51. fxe4 Ke5 52. Be2 Kxe4 53. Ke1 Kf4 54. Bd1 Rxd1+ 0-1

[Event "Late-Titled-Tuesday-Blitz-March-19-2024"]
[Site "Chess.com"]
[Date "2024.03.19"]
[Round "2"]
[White "FREZZY23"]
[Black "Noki102"]
[Result "0-1"]
[WhiteElo "2380"]
[BlackElo "2596"]
[TimeControl "180+1"]
[EndTime "14:18:08 PDT"]
[Termination "Noki102 won by resignation"]

1. Nf3 d5 2. d4 Bf5 3. g3 e6 4.
Bg2 Nc6 5. O-O Nb4 6. Na3 Nf6 7.
Ne5 Be7 8. c3 Nc6 9. Qa4 O-O 10.
Nxc6 bxc6 11. Qxc6 Rb8 12. b4 Ne4 13. Nb1 Nd6 14. Qa4 h5 15. Nd2 h4 16. Re1 h3 17.
Bh1 Rb6 18. e4 dxe4 19. Nxe4 Nxe4 20. Bxe4 Bxe4 21. Rxe4 Qd5 22. f3 Qc4 23. Bb2 Rd8 24. Qd1 c5 25. a3 a5 26. Qf1 Qxf1+ 27. Kxf1 cxb4 28. axb4 axb4 29. c4 b3 30. Ke2 f5 31.
Re3 Bf6 32. Kd3 Bxd4 33. Bxd4 Rbd6 34. Kc3 Rxd4 35. Rxe6 Rd3+ 36. Kb4 Rb8+ 37. Ka3 b2+ 38. Ka2 Ra3+ 0-1

[Event "Late-Titled-Tuesday-Blitz-March-19-2024"]
[Site "Chess.com"]
[Date "2024.03.19"]
[Round "2"]
[White "manitodeplomo"]
[Black "Hrant_ChessMood"]
[Result "1-0"]
[WhiteElo "2664"]
[BlackElo "2945"]
[TimeControl "180+1"]
[EndTime "14:18:09 PDT"]
[Termination "manitodeplomo won by checkmate"]

1. d4 Nf6 2. c4 g6 3. Nc3 Bg7 4. e4 d6 5. Be2 O-O 6. Nf3 c5 7.
O-O Re8 8. d5 e6 9. h3 exd5 10.
exd5 Bf5 11. Bd3 Ne4 12. Nxe4 Bxe4 13. Bxe4 Rxe4 14. Qc2 Re8 15. Bg5 Qa5 16. Bd2 Qa6 17. Rae1 Nd7 18. b3 b5 19. Bc3 Bxc3 20. Qxc3 bxc4 21.
bxc4 Qb6 22. Rb1 Qc7 23. Ng5 Qd8 24. Qg3 Ne5 25. Qh4 h5 26. Rb7 Rb8 27. Rfb1 Rxb7 28.
Rxb7 Qf6 29. f4 Nd3 30. Rxf7 Qd4+ 31. Kh2 Re1 32. Nf3 Qf2 33. Qd8+ Kxf7 34. Ng5+ Kg7 35. Qd7+ Kh8 36. Qh7# 1-0

[Event "Late-Titled-Tuesday-Blitz-March-19-2024"]
[Site "Chess.com"]
[Date "2024.03.19"]
[Round "2"]
[White "kingofthenil"]
[Black "laziestwin"]
[Result "1-0"]
[WhiteElo "2769"]
[BlackElo "2557"]
[TimeControl "180+1"]
[EndTime "14:18:09 PDT"]
[Termination "kingofthenil won by resignation"]

1. d4 d5 2. c4 dxc4 3. e3 Nf6 4.
Bxc4 e6 5. Nf3 a6 6. O-O c5 7. Qe2 b5 8. Bd3 Bb7 9. Rd1 Nbd7 10. e4 cxd4 11. e5 Nd5 12. Nxd4 Bc5 13. Nb3 O-O 14.
Nc3 Rc8 15. Ne4 Be7 16. f4 Qb6+ 17. Qf2 Rfd8 18. Bd2 Qxf2+ 19. Kxf2 Nb4 20. Bxb4 Bxb4 21. a3 Be7 22. Na5 Bd5 23. b4 Nb6 24. Rac1 Na4 25.
Nd6 Bxd6 26. exd6 Nb2 27. Be2 Rxc1 28. Rxc1 g6 29. Rc2 Na4 30. Nc6 Rxd6 31. Ne5 Nb6 32. Rc7 Kg7 33. Nxf7 Kg8 34. Nxd6 1-0

[Event "Late-Titled-Tuesday-Blitz-March-19-2024"]
[Site "Chess.com"]
[Date "2024.03.19"]
[Round "2"]
[White "m_ezat"]
[Black "GMKrikor"]
[Result "1-0"]
[WhiteElo "2609"]
[BlackElo "2813"]
[TimeControl "180+1"]
[EndTime "14:18:10 PDT"]
[Termination "m_ezat won by resignation"]

1. d4 Nf6 2. c4 g6 3. Nc3 d5 4. Bg5 Ne4 5. cxd5 Nxg5 6. h4 Ne4 7. Nxe4 Qxd5 8. Qd3 Bg7 9. Nf3 O-O 10. h5 Nc6 11. hxg6 hxg6 12. Nc3 Qa5 13. e3 Bf5 14. Qb5 Qxb5 15.
Bxb5 Nb4 16. Ke2 c6 17. Bc4 b5 18. Bb3 Rad8 19. Rhd1 a6 20. a3 Nd5 21. Nxd5 cxd5 22. Rac1 Rd7 23. Rc6 Ra8 24. Rdc1 e6 25. Rc8+ Rd8 26. Rxa8 Rxa8 27. Ne5 Rd8 28. f3 g5 29. g4 Bh7 30. Nc6 Ra8 31. a4 bxa4 32.
Bxa4 Bf6 33. b3 Kf8 34. Ne5 Be7 35. Rc7 Bg8 36. Rb7 Bd6 37. Nd7+ Kg7 38. Nc5 a5 39. Nxe6+ Kf6 40. Nc7 Bxc7 41. Rxc7 Ke6 42. e4 dxe4 43. fxe4 Kd6 44. Rd7+ Ke6 45. Rd5 Bh7 46. Ke3 f6 47. Rd7 Bg6 48. d5+ Ke5 49. Re7+ Kd6 50. Re6+ Kc5 51.
Rxf6 Bh7 52. Rh6 Ra7 53. d6 Ra8 1-0

[Event "Late-Titled-Tuesday-Blitz-March-19-2024"]
[Site "Chess.com"]
[Date "2024.03.19"]
[Round "2"]
[White "EvilMorty23"]
[Black "Yan_Dyomin2010"]
[Result "1-0"]
[WhiteElo "2490"]
[BlackElo "2729"]
[TimeControl "180+1"]
[EndTime "14:18:11 PDT"]
[Termination "EvilMorty23 won by resignation"]

1. e4 c5 2. Nf3 Nc6 3. c3 d5 4. exd5 Qxd5 5. d4 Bf5 6. Be2 Nf6 7. c4 Qd8 8. d5 Nb4 9. Na3 e6 10. Qa4+ Nd7 11. dxe6 Bxe6 12. Bf4 Be7 13. Nb5 O-O 14. Nc7 Bf5 15. O-O Rc8 16. Nb5 a6 17. Nc3 Nf6 18.
Qd1 Qb6 19. Rc1 Rfd8 20. Qb3 Qa7 21. Rfd1 Rxd1+ 22. Nxd1 Nc6 23. Ne3 Be6 24. Nd5 Bxd5 25. cxd5 Na5 26. Qd3 c4 27. Qf5 Qc5 28. b4 g6 29. Qxf6 Bxf6 30. bxc5 Rxc5 31. Be5 Bxe5 32. Nxe5 Rxd5 33. Nxc4 Rc5 34. Rc2 b5 35. Ne3 Re5 36. Rc7 h5 37. Kf1 f5 38. Ra7 f4 39. Nc2 Rc5 40. Bd3 Rc3 41. Ke2 Nc6 42. Rxa6 Ne5 43. Ne1 g5 44. Bxb5 g4 45. f3 Rc5 46. Bd3 Rd5 47.
Be4 Rb5 48. Nd3 Nc4 49. a4 Rg5 50. Nxf4 gxf3+ 51. gxf3 Ne5 52. Bd5+ Kf8 53. Ne6+ Ke7 54. Nxg5 1-0

[Event "Late-Titled-Tuesday-Blitz-March-19-2024"]
[Site "Chess.com"]
[Date "2024.03.19"]
[Round "2"]
[White "WilsonPalencia21"]
[Black "KNVB"]
[Result "1-0"]
[WhiteElo "2596"]
[BlackElo "2796"]
[TimeControl "180+1"]
[EndTime "14:18:12 PDT"]
[Termination "WilsonPalencia21 won on time"]

1. d4 e5 2. dxe5 Nc6 3. Nf3 Qe7 4. Bf4 Qb4+ 5. Bd2 Qxb2 6. Nc3 Bb4 7. Rb1 Qxc3 8. Bxc3 Bxc3+ 9. Nd2 Nxe5 10. Rb3 Ba5 11. e3 Nf6 12. Bd3 O-O 13. O-O d5 14. h3 Bb6 15. Nf3 Nxf3+ 16. Qxf3 Be6 17. Bf5 Rae8 18. Rc1 g6 19. Bxe6 fxe6 20. Qe2 Ne4 21. f3 Nd6 22. c4 dxc4 23. Rxc4 Nxc4 24. Qxc4 Rf5 25. Kh2 Rd5 26. Qe4 c6 27. Rd3 Kf7 28. h4 Bc7+ 29. Kh3 h5 30. g4 Red8 31. Rxd5 Rxd5 32. g5 Rd2 33. f4 Rd5 34. a4 Bb6 35. Kg3 Bc5 36. Kf3 b5 37. axb5 cxb5 38. Qb1 Bb6 39. Qb2 Bd8 40. Qh8 b4 41. Qh7+ Kf8 42. Qxg6 b3 43. Qxe6 Rb5 44.
Qd7 Be7 45. Qxb5 1-0

[Event "Late-Titled-Tuesday-Blitz-March-19-2024"]
[Site "Chess.com"]
[Date "2024.03.19"]
[Round "2"]
[White "AGW2016"]
[Black "Cluke86"]
[Result "1-0"]
[WhiteElo "2544"]
[BlackElo "2314"]
[TimeControl "180+1"]
[EndTime "14:18:13 PDT"]
[Termination "AGW2016 won on time"]

1. d4 d6 2. Nf3 Nf6 3. c4 g6 4.
Nc3 Bf5 5. Nh4 Bd7 6. e4 Bg7 7. Be2 c5 8. d5 a6 9. O-O b5 10. Bd3 b4 11. Ne2 a5 12. Rb1 a4 13.
f4 Bg4 14. h3 Bxe2 15. Qxe2 Nfd7 16. Nf3 O-O 17. e5 Qc7 18. e6 Nb6 19. exf7+ Rxf7 20. Ng5 Bd4+ 21. Kh1 Rf6 22. Ne6 Qd7 23. f5 Qe8 24. Bg5 N8d7 25. Bxf6 exf6 26. fxg6 hxg6 27. Nxd4 cxd4 28.
Qxe8+ Rxe8 29. Bxg6 Re2 30. Rbe1 Rxb2 31. Re7 Ne5 32. Rxf6 Nxg6 33. Rxg6+ Kf8 34. Rb7 Nxc4 35. Rg4 d3 36. Rxc4 Rc2 37. Rd4 d2 38. Kh2 Rb2 39. Rbxb4 Rxb4 40. Rxd2 a3 41. Rd3 Rb5 42. Rxa3 Rxd5 43.
Ra7 Rd2 44. a4 d5 45. a5 d4 46. a6 Ra2 47. Rd7 Rxa6 48. Rxd4 Rf6 49. Kg3 Kg7 50. Rg4+ Kh7 51. Rh4+ Kg7 52. Rg4+ Kh7 53. h4 Rf8 54.
Kh3 Kh6 55. Ra4 Rf5 56. g4 Rf3+ 57. Kg2 Rb3 58. Ra6+ Kg7 59. h5 Rc3 60. Kf2 Kh7 61.
Rf6 Rb3 62. Rf3 Rb4 63. Kg3 Rc4 64. Kh4 Rb4 65. Ra3 Rc4 66. Ra5 Kg7 67. Kg5 Rc6 68.
Ra7+ Kh8 69. h6 Kg8 70. Kh5 Kh8 71. g5 Rc5 72. Rf7 Rb5 73. Kg6 Rb6+ 74. Rf6 Rb8 75. Ra6 Rg8+ 76. Kh5 1-0

[Event "Late-Titled-Tuesday-Blitz-March-19-2024"]
[Site "Chess.com"]
[Date "2024.03.19"]
[Round "2"]
[White "secretsuperstar7"]
[Black "jocmil"]
[Result "0-1"]
[WhiteElo "2490"]
[BlackElo "2755"]
[TimeControl "180+1"]
[EndTime "14:18:15 PDT"]
[Termination "jocmil won by checkmate"]

1. c4 Nf6 2. Nc3 g6 3. g3 Bg7 4. Bg2 O-O 5. Nf3 Nc6 6. O-O e5 7. d3 d6 8. Rb1 a5 9. a3 Bf5 10. Ne1 Qd7 11. Nc2 Bh3 12. b4 axb4 13. axb4 Bxg2 14.
Kxg2 h5 15. Bg5 Nh7 16. Bd2 h4 17. Qc1 f5 18. Bh6 f4 19. Bxg7 Kxg7 20. Nd5 Ng5 21.
gxf4 exf4 22. Kh1 Nh3 23. Ne1 Rae8 24. Qb2+ Ne5 25. Nf3 c6 26. Nb6 Qg4 27. c5 Kh7 28.
Nxe5 Rxe5 29. f3 Qg5 30. Nd7 Rfe8 31. Nxe5 dxe5 32. b5 e4 33. dxe4 Qxc5 34. Kg2 Ng5 35. bxc6 h3+ 36. Kh1 bxc6 37. Rbc1 Qe3 38. Qb7+ Kh6 39.
Rce1 Nxe4 40. fxe4 Qxe4+ 41. Rf3 Qxf3+ 42. Kg1 Qg2# 0-1

[Event "Late-Titled-Tuesday-Blitz-March-19-2024"]
[Site "Chess.com"]
[Date "2024.03.19"]
[Round "2"]
[White "Aslanov_Umid"]
[Black "egnfanclub"]
[Result "1-0"]
[WhiteElo "2605"]
[BlackElo "2386"]
[TimeControl "180+1"]
[EndTime "14:18:15 PDT"]
[Termination "Aslanov_Umid won by resignation"]

1. e4 e5 2. Nf3 Nc6 3. Bc4 Nf6 4. d3 Bc5 5. O-O d6 6. c3 a5 7. Nbd2 O-O 8. Re1 Ng4 9. Re2 Kh8 10. h3 Nh6 11.
Nf1 f5 12. Bxh6 gxh6 13. d4 fxe4 14. Nxe5 dxe5 15. dxc5 Qe7 16. Qd5 Bf5 17. Ng3 Bg6 18. Nxe4 Rad8 19. Qe6 Bxe4 20. Qxe7 Nxe7 21. Rxe4 Rd2 22.
Re2 Rfd8 23. Rae1 Ng6 24. g3 h5 25. Bf7 h4 26. Bxg6 hxg6 27. gxh4 R8d5 28. Kg2 Rxe2 29. Rxe2 Rxc5 30. Kf3 Kg7 31. Rd2 Kf6 32. Rd7 Ke6 33. Rg7 Kf6 34. Rd7 Ke6 35. Rd8 Rc4 36. Kg3 Ke7 37. Rd5 Ra4 38. Rxe5+ Kf6 39. Rb5 b6 40. a3 Re4 41. h5 gxh5 42. Rxh5 Re2 43. Rb5 Kg6 44.
h4 Re1 45. f3 Rg1+ 46. Kf4 Rh1 47. h5+ Kf6 48. Rf5+ Ke6 49. Rb5 Rh4+ 50. Kg5 Rh3 51.
f4 Rg3+ 52. Kh4 Rg1 53. h6 Kf6 54. Rh5 Rh1+ 55. Kg4 Rg1+ 56. Kf3 Kg6 57. h7 1-0

[Event "Late-Titled-Tuesday-Blitz-March-19-2024"]
[Site "Chess.com"]
[Date "2024.03.19"]
[Round "2"]
[White "Dhaydon19"]
[Black "Oleksandr_Bortnyk"]
[Result "0-1"]
[WhiteElo "2660"]
[BlackElo "3077"]
[TimeControl "180+1"]
[EndTime "14:18:17 PDT"]
[Termination "Oleksandr_Bortnyk won by resignation"]

1. e4 Nf6 2. Nc3 d5 3. exd5 Nxd5 4. Nf3 Nxc3 5. bxc3 g6 6. Bc4 Bg7 7. O-O O-O 8. Re1 Nc6 9. Rb1 Qd6 10. d4 e5 11. Be3 Bg4 12. h3 Bxf3 13. Qxf3 exd4 14. cxd4 Nxd4 15. Bxd4 Qxd4 16. Bb3 c5 17. Rbd1 Qb4 18. Re4 Qb5 19. Bc4 Qc6 20. Bd5 Qc7 21. Rde1 Rad8 22. Re7 Rd7 23. Rxd7 Qxd7 24. Bxb7 Rd8 25. c4 Qd2 26.
Kf1 Bc3 27. Rb1 Qxa2 28. Be4 Qxc4+ 29. Kg1 Be5 30. g3 Rd7 31. h4 h5 32. g4 hxg4 33.
Qxg4 Rd4 34. Qc8+ Kg7 35. Bf3 Rxh4 36. Qe8 Qf4 37. Bg2 Rh1+ 38. Bxh1 Qh2+ 39. Kf1 Qxh1+ 40. Ke2 Qe4+ 41. Kd2 Bf4+ 42. Kc3 Qxe8 43. Re1 Qxe1+ 0-1

[Event "Late-Titled-Tuesday-Blitz-March-19-2024"]
[Site "Chess.com"]
[Date "2024.03.19"]
[Round "2"]
[White "nihalsarin"]
[Black "SRob2003"]
[Result "1-0"]
[WhiteElo "3179"]
[BlackElo "2692"]
[TimeControl "180+1"]
[EndTime "14:18:19 PDT"]
[Termination "nihalsarin won on time"]

1. a3 d5 2. Nf3 Bg4 3. c4 Bxf3 4. gxf3 d4 5. Qb3 b6 6. f4 c6 7. Bg2 e6 8. Qh3 g6 9. d3 Qd6 10. Qf3 Ne7 11. Nd2 Nd7 12. Ne4 Qc7 13. h4 h5 14.
b4 Bg7 15. Bb2 Nf5 16. Ng3 Ne7 17. Rc1 Rc8 18. Kd1 c5 19. b5 Nf6 20. Bh3 Nf5 21.
Bf1 Bh6 22. e4 Nxg3 23. fxg3 Ng4 24. e5 O-O 25. Bh3 Ne3+ 26. Ke2 Rce8 27. g4 hxg4 28. Bxg4 f6 29. Rhg1 fxe5 30. Qe4 Nf5 31. Bh5 Kh8 32. Bxg6 Bxf4 33. Bxe8 Bxc1 34. Bxc1 Rxe8 35. Bg5 Rf8 36. Qg4 Qh7 37. Qe4 Qg7 38. Kd2 1-0

[Event "Late-Titled-Tuesday-Blitz-March-19-2024"]
[Site "Chess.com"]
[Date "2024.03.19"]
[Round "2"]
[White "artin10862"]
[Black "TheRigos"]
[Result "0-1"]
[WhiteElo "2933"]
[BlackElo "2558"]
[TimeControl "180+1"]
[EndTime "14:18:20 PDT"]
[Termination "TheRigos won on time"]

1. c4 e6 2. Nf3 d5 3. g3 Nf6 4. Bg2 Be7 5. O-O O-O 6. d4 dxc4 7.
Qc2 a6 8. Qxc4 b5 9. Qc2 Bb7 10. Bd2 Be4 11. Qc1 c6 12. e3 Nbd7 13. Nc3 Bg6 14. Rd1 Rc8 15. Ne5 Nxe5 16. dxe5 Nd7 17. f4 Nc5 18. Be1 Qb6 19. Bf2 Nd3 20. Rxd3 Bxd3 21. e4 Bc5 22. Nd1 Bxf2+ 23. Nxf2 Rfd8 24. Bf3 c5 25. Qe3 Rd4 26. Rc1 Rcd8 27. Kg2 c4 28.
Rd1 Qc7 29. h4 Qd7 30. Rc1 h6 31. h5 a5 32. b3 Qa7 33. bxc4 bxc4 34. Ng4 R4d7 35.
Qe1 Rb8 36. Kh3 a4 37. Rd1 a3 38. Ne3 Rb2 39. f5 Qd4 0-1

[Event "Late-Titled-Tuesday-Blitz-March-19-2024"]
[Site "Chess.com"]
[Date "2024.03.19"]
[Round "2"]
[White "slorovel"]
[Black "TenisMaster"]
[Result "0-1"]
[WhiteElo "2600"]
[BlackElo "2857"]
[TimeControl "180+1"]
[EndTime "14:18:22 PDT"]
[Termination "TenisMaster won by resignation"]

1. e4 d5 2. exd5 Qxd5 3. Nc3 Qa5 4. d4 Nf6 5. Nf3 Bf5 6. Bd3 e6 7. O-O Nc6 8. Bxf5 Qxf5 9. Ne2 O-O-O 10. c3 e5 11. Qb3 exd4 12. Nexd4 Nxd4 13. Nxd4 Qd5 14. Qxd5 Rxd5 15. Be3 Ng4 16. Bf4 Bc5 17. Nb3 Bb6 18. h3 Nf6 19. Rfe1 Rhd8 20. c4 Rf5 21. Bg3 Nh5 22.
Bh4 g5 23. g4 Rf4 24. c5 gxh4 25. cxb6 Ng7 26. bxa7 Ra4 27. Re7 Ne6 28. Rxf7 Ng5 29. Rf5 Nxh3+ 30. Kg2 Rd3 31. Rf8+ Kd7 32. a8=Q Nf4+ 33. Kh2 Rxa8 34. Rxa8 Rh3+ 35. Kg1 Ne2+ 36. Kf1 Nf4 37. Ke1 Rh1+ 38. Kd2 Rxa1 39. Nxa1 h3 40. Rh8 h5 41. g5 h2 42. g6 h1=Q 43. g7 Qd5+ 44. Ke1 Qe5+ 45. Kd1 Qxg7 0-1

[Event "Late-Titled-Tuesday-Blitz-March-19-2024"]
[Site "Chess.com"]
[Date "2024.03.19"]
[Round "2"]
[White "AlexeiShirov"]
[Black "semchik73"]
[Result "1-0"]
[WhiteElo "2831"]
[BlackElo "2424"]
[TimeControl "180+1"]
[EndTime "14:18:22 PDT"]
[Termination "AlexeiShirov won by resignation"]

1. e4 Nf6 2. e5 Nd5 3. d4 d6 4.
c4 Nb6 5. f4 dxe5 6. fxe5 Nc6 7. Be3 Bf5 8. Nc3 e6 9. Nf3 Bg4 10. Be2 Bxf3 11. Bxf3 Nxc4 12. Bf2 Nxb2 13. Qe2 Nxd4 14.
Qxb2 Nxf3+ 15. gxf3 Qd3 16. Qb5+ Qxb5 17. Nxb5 Bb4+ 18.
Ke2 O-O-O 19. Rad1 a6 20. Nd4 Rd5 21. f4 Rhd8 22.
Nf3 f6 23. Rxd5 Rxd5 24. Rc1 fxe5 25. fxe5 c5 26. Rc4 b5 27. Rh4 h6 28. Rg4 g5 29. h4 gxh4 30. Rxh4 c4 31. Rxh6 c3 32. Rxe6 Kd7 33. Rxa6 c2 34. e6+ Ke8 35. Rc6 Rd6 36.
Rxc2 Rxe6+ 37. Kd3 Rd6+ 38. Nd4 Kd7 39. Ke4 Rb6 40. Bg3 Bd6 41. Bxd6 Kxd6 42. Rh2 Kc5 43. Rb2 Kc4 44. Rc2+ Kb4 45. Kd5 Ka3 46. Kc5 Rb8 47.
Nc6 Rb7 48. Rh2 b4 49. Nd4 Rc7+ 50. Kb6 Rc4 51. Rd2 Rc1 52. Ka5 Rc5+ 53. Nb5+ Rxb5+ 54. Kxb5 b3 55. axb3 Kxb3 56. Rd3+ 1-0

[Event "Late-Titled-Tuesday-Blitz-March-19-2024"]
[Site "Chess.com"]
[Date "2024.03.19"]
[Round "2"]
[White "bulletteemo"]
[Black "ilushka"]
[Result "1-0"]
[WhiteElo "2633"]
[BlackElo "2393"]
[TimeControl "180+1"]
[EndTime "14:18:22 PDT"]
[Termination "bulletteemo won on time"]

1. e4 e6 2. d4 d5 3. Nc3 Nf6 4. Bg5 dxe4 5. Nxe4 Be7 6. Bxf6 gxf6 7. Nf3 f5 8. Nc3 a6 9. d5 Bf6 10. Bc4 b5 11. Bb3 O-O 12. O-O c5 13. dxc6 Qxd1 14. Raxd1 Nxc6 15. Rd6 Bb7 16. Nd5 Kg7 17. Nxf6 Kxf6 18.
c3 Rfd8 19. Rfd1 Rxd6 20. Rxd6 Ke7 21. Rd2 Rc8 22. Kf1 b4 23. Ng5 bxc3 24. bxc3 h6 25.
Nxf7 Na5 26. Ne5 Rc7 27. c4 Bc8 28. f4 Nb7 29. Bd1 Nc5 30. Bf3 Bb7 31. Rb2 Bxf3 32. gxf3 Kf6 33. Rb6 Ke7 34. Ke2 Kf6 35. Ke3 Ke7 36.
Rb8 Kf6 37. Rh8 Kg7 38. Re8 Kf6 39. Rg8 Rg7 40. Rf8+ Ke7 41. Rh8 Kd6 42. Rxh6 1-0

[Event "Late-Titled-Tuesday-Blitz-March-19-2024"]
[Site "Chess.com"]
[Date "2024.03.19"]
[Round "2"]
[White "yaguigor"]
[Black "AndresDelgado77"]
[Result "1-0"]
[WhiteElo "2563"]
[BlackElo "2336"]
[TimeControl "180+1"]
[EndTime "14:18:22 PDT"]
[Termination "yaguigor won on time"]

1. d4 Nf6 2. c4 e6 3. Nc3 c5 4. d5 exd5 5. cxd5 d6 6. e4 g6 7. f4 Bg7 8. Bb5+ Nfd7 9. Be2 O-O 10. Nf3 Re8 11. O-O a6 12. a4 Nf6 13. e5 Ng4 14. h3 Nh6 15. g4 b6 16. Kg2 Ra7 17. Be3 Bxg4 18. hxg4 Nxg4 19. Bg1 dxe5 20. fxe5 Nxe5 21. Qd2 Ng4 22. Ng5 Bh6 23. Bxg4 Bxg5 24. Qd3 Nd7 25. Bxd7 Qxd7 26. Rae1 Qg4+ 27. Qg3 Qxg3+ 28. Kxg3 Rae7 29. Rxe7 Bxe7 30. Kf3 f5 31. Re1 Kf7 32. Bh2 Rd8 33. Bc7 Rd7 34. Bxb6 Bf6 35. Rd1 Bd4 36. a5 g5 37. Na4 Rxd5 38. Bxc5 g4+ 39. Kg2 Rxc5 40. Nxc5 Bxc5 41. Rd5 Bb4 42. Rxf5+ Kg6 43. Rf4 Bxa5 44. Rxg4+ Kf5 45. Ra4 Bd2 46. Rxa6 h5 47. Rd6 Bf4 48. Rd5+ Be5 49. b4 h4 50. Kh3 Ke6 51. Rd3 Bg3 52. b5 Ke7 53. b6 Bf4 54. b7 Ke6 55. Kxh4 Bb8 56. Kg4 Ke5 57. Rd8 1-0

[Event "Late-Titled-Tuesday-Blitz-March-19-2024"]
[Site "Chess.com"]
[Date "2024.03.19"]
[Round "2"]
[White "TanitoluwaAps116"]
[Black "Revan_2002"]
[Result "1-0"]
[WhiteElo "2814"]
[BlackElo "2582"]
[TimeControl "180+1"]
[EndTime "14:18:24 PDT"]
[Termination "TanitoluwaAps116 won by resignation"]

1. e4 e5 2. Nf3 Nc6 3. Bc4 Bc5 4. O-O Nf6 5. d3 d6 6. c3 O-O 7. Bg5 a6 8. a4 Ba7 9. Nbd2 Re8 10. Re1 Be6 11.
b3 h6 12. Bh4 Bg4 13. h3 Bh5 14. b4 g5 15. Bg3 Kg7 16. Qb3 Qd7 17. Rad1 Bg6 18.
Nf1 Nd8 19. d4 exd4 20. e5 Ne4 21. Nxd4 Nxg3 22. Nxg3 Bxd4 23. cxd4 b5 24. axb5 axb5 25. Bd5 c6 26. Bf3 d5 27. Bg4 Ne6 28. Nf5+ Bxf5 29.
Bxf5 Ra4 30. h4 Rea8 31. hxg5 hxg5 32. Qg3 Qe7 33. Bc2 Ra3 34. Qg4 Rh8 35. g3 Rc3 36. Bf5 Rc4 37. Rd3 Rxb4 38. Bxe6 fxe6 39. Rf3 Rf8 40. Rf6 Rxf6 41. exf6+ Kf7 42. fxe7 1-0